 Dungeon Crawl Stone Soup version 0.31.0-32-g396128a36d (webtiles) character file.

Game seed: 2284623831368930873

3700 Silvore the Protected (level 9, -3/79 HPs)
             Began as a Minotaur Fighter on Mar 13, 2024.
             Was a Follower of the Shining One.
             Slain by an orc warrior
             ... wielding a +0 battleaxe
              (23 damage)
             ... in a bailey.
             The game lasted 00:09:08 (8946 turns).

Silvore the Protected (Minotaur Fighter)            Turns: 8946, Time: 00:09:08

Health: -3/79      AC: 13    Str: 24    XL:     9   Next: 91%
Magic:  8/8        EV: 11    Int:  5    God:    the Shining One [*.....]
Gold:   201        SH: 10    Dex: 11    Spells: 8/8 levels left

rFire   . . .        e - +1 mace (venom)
rCold   . . .        t - +0 kite shield
rNeg    . . .        b - +0 scale mail
rPois   .            (helmet restricted)
rElec   .            v - +2 cloak {Will+}
rCorr   .            (no gloves)
SInv    .            y - +0 pair of boots
Will    +....        (no amulet) Stlth
                     (no ring)
HPRegen 0.33/turn    (no ring)
MPRegen 0.11/turn

%: no passive effects
@: mighty, glowing
A: horns 2, retaliatory headbutt
a: Renounce Religion, Divine Shield


You were in a bailey.
You worshipped the Shining One.
The Shining One was aware of your devotion.
You visited 2 branches of the dungeon, and saw 9 of its levels.
You also visited: Bailey.

You collected 430 gold pieces.
You donated 229 gold pieces to Zin.

Inventory:

Hand Weapons
 a - a +0 flail
 e - a +1 mace of venom (weapon)
Missiles
 l - 2 throwing nets (quivered)
Armour
 b - a +0 scale mail (worn)
 c - a +0 buckler
 m - a +0 cloak
 t - a +0 kite shield (worn)
 v - a +2 cloak of willpower (worn)
 y - a +0 pair of boots (worn)
Jewellery
 f - an amulet of magic regeneration
 q - a ring of ice
Wands
 r - a wand of paralysis (6)
 x - a wand of flame (36)
Scrolls
 g - a scroll of blinking
 j - 4 scrolls of teleportation
 n - a scroll of fear
 o - 2 scrolls of vulnerability
 u - 2 scrolls of amnesia
Potions
 i - a potion of invisibility
 k - 2 potions of curing
 p - a potion of brilliance {unknown}
 s - a potion of degeneration {unknown}
 w - 2 potions of attraction {unknown}
 z - a potion of berserk rage {unknown}
 A - a potion of cancellation {unknown}


   Skills:
 + Level 7.0 Fighting
 + Level 9.2 Maces & Flails
 + Level 9.7 Armour
 + Level 5.1 Dodging
 + Level 1.5 Stealth
 + Level 8.2 Shields
 + Level 0.6 Invocations


You had 8 spell levels left.
You didn't know any spells.
Your spell library contained the following spells:

 Spells                   Type           Power      Damage    Failure   Level
 Magic Dart               Conj           0%         1d3       91%         1
 Mercury Vapours          Alch/Air       0%         N/A       97%         2
 Scorch                   Fire           0%         2d5       97%         2
 Searing Ray              Conj           0%         2d4       97%         2
 Mephitic Cloud           Conj/Alch/Air  0%         N/A       99%         3
 Flame Wave               Conj/Fire      0%         2d4       100%        4
 Fulminant Prism          Conj/Alch      0%         3d5       100%        4
 Freezing Cloud           Conj/Ice/Air   0%         6-21      100%        5
 Summon Cactus Giant      Summ           0%         N/A       100%        6


Dungeon Overview and Level Annotations

Branches:
Dungeon (8/15)             Temple (1/1) D:7          Bailey (1/1)
   Lair: D:8-11

Altars:
Ashenzari
Cheibriados
Dithmenos
Elyvilon
Fedhas
Gozag
Kikubaaqudgha
Makhleb
Nemelex Xobeh
Okawaru
Qazlal
Ru
Trog
Uskayaw
Vehumet
Wu Jian
Xom
Yredelemnul
Zin
The Shining One

Shops:
D:8 (*(


Innate Abilities, Weirdness & Mutations

You have a pair of horns on your head.
You reflexively headbutt those who attack you in melee.


Message History

You hit the orc knight.
The orc knight looks as sick as possible!
The orc knight is heavily wounded.
The orc knight closely misses you.
An orc warrior comes into view. It is wielding a +0 battleaxe.
The kobold closely misses you.
Unknown command.
You sock the orc knight!
The orc knight is severely wounded.
You block the orc knight's attack. The kobold barely misses you.
You sock the kobold!
You kill the kobold!
The orc knight roars a battlecry!
The orc warrior goes into a battle-frenzy!
You hear a shout! x2
You hit the orc knight.
The orc knight looks as sick as possible!
You headbutt the orc knight!
The orc knight is almost dead.
You hear a shout! x2
A kobold comes into view.
The orc warrior hits you with a +0 battleaxe!!
* * * LOW HITPOINT WARNING * * *
The orc knight hits you with a +0 war axe.
The Shining One protects you from harm!
You feel much better.
You kill the orc knight!
The kobold throws a boomerang.
You block the boomerang. The orc warrior barely misses you.
You furiously retaliate!
You headbutt the orc warrior!
Your Fighting skill increases to level 7!
Your Maces & Flails skill increases to level 9!
Your Dodging skill increases to level 5!
Your Shields skill increases to level 8!
You closely miss the orc warrior.
The orc warrior is moderately wounded.
The kobold throws a boomerang.
The boomerang hits you but does no damage.
The orc warrior hits you with a +0 battleaxe!!
You die...

#############
K.....o.....####
###..)@.......##
##'#(........## #.
#..(.⌠.....# # ###.......##
##. #.....### ...
^...###......#### #
####'####..#......≈≈≈≈≈≈
≈##
#....o..####.≈≈(≈≈≈≈≈≈≈#
≈≈≈K#...!oK.#K≈≈≈≈≈≈(....##


You could see an orc warrior (strong) and a kobold.

Vanquished Creatures
  An orc knight (Bailey)
  Maurice (D:7)
  Menkaure (D:5)
  3 water moccasins
  3 orc warriors
  2 black bears (D:6)
  An ice beast (D:6)
  An ogre (D:4)
  A centaur (D:6)
  A phantom (D:6)
  Blork the orc (D:6)
  A bullfrog (D:8)
  A gnoll sergeant (D:8)
  3 scorpions
  A water moccasin zombie (D:6)
  3 killer bees (D:7)
  2 howler monkeys
  3 bombardier beetles
  3 bullfrog zombies (D:6)
  A jelly (D:3)
  6 hounds
  An orc priest (D:5)
  Crazy Yiuf (D:6)
  A sleepcap (D:4)
  3 iguanas
  4 orc wizards
  3 killer bee zombies (D:6)
  5 gnolls
  7 adders
  2 shadow imps
  2 white imps
  2 ufetubi (D:7)
  3 ribbon worms
  2 dart slugs
  28 orcs
  4 ball pythons
  3 bats
  5 endoplasms
  3 giant cockroaches
  8 goblins
  6 hobgoblins
  14 kobolds
  2 frilled lizards (D:1)
  3 rats
152 creatures vanquished.

Notes
Turn   | Place    | Note
-------+----------+-------------------------------------------
     0 | D:1      | Silvore the Minotaur Fighter began the quest for the Orb.
     0 | D:1      | Reached XP level 1. HP: 19/19 MP: 0/0
   327 | D:1      | Reached XP level 2. HP: 26/27 MP: 1/1
  1050 | D:2      | Reached XP level 3. HP: 33/33 MP: 2/2
  1199 | D:2      | Found a faded altar of an unknown god.
  1564 | D:2      | Reached XP level 4. HP: 34/41 MP: 3/3
  1955 | D:3      | Reached skill level 5 in Armour
  2389 | D:3      | Reached skill level 1 in Dodging
  2389 | D:3      | Reached XP level 5. HP: 39/47 MP: 4/4
  2868 | D:4      | Found a white marble altar of Elyvilon.
  2877 | D:4      | Found a shimmering altar of Xom.
  2889 | D:4      | Became a worshipper of Elyvilon the Healer
  3125 | D:4      | Reached XP level 6. HP: 53/53 MP: 5/5
  3174 | D:4      | Found a sparkling altar of Nemelex Xobeh.
  3288 | D:4      | Reached * piety under Elyvilon
  3366 | D:4      | Reached skill level 5 in Fighting
  3562 | D:4      | Found a glowing silver altar of Zin.
  3576 | D:4      | Fell from the grace of Elyvilon
  3576 | D:4      | Became a worshipper of Zin the Law-Giver
  3576 | D:4      | Reached * piety under Zin
  3616 | D:5      | Entered Level 5 of the Dungeon
  3666 | D:5      | Noticed Menkaure
  3674 | D:5      | Killed Menkaure
  3675 | D:5      | Reached skill level 5 in Maces & Flails
  3675 | D:5      | Reached XP level 7. HP: 9/61 MP: 6/6
  4690 | D:5      | Reached ** piety under Zin
  4922 | D:6      | Found a bloodstained altar of Trog.
  5157 | D:6      | Reached skill level 5 in Shields
  5193 | D:6      | Reached *** piety under Zin
  5222 | D:6      | Found a runed translucent door.
  5223 | D:6      | Noticed Crazy Yiuf
  5264 | D:6      | Killed Crazy Yiuf
  5314 | D:6      | Reached XP level 8. HP: 61/68 MP: 7/7
  5339 | D:6      | Noticed Blork the orc
  5350 | D:6      | Found a basalt altar of Yredelemnul.
  5351 | D:6      | Killed Blork the orc
  5695 | D:6      | Reached skill level 1 in Stealth
  5836 | D:6      | Found an opulent altar of Gozag.
  6493 | D:7      | Noticed Maurice
  6495 | D:7      | Maurice stole an amulet of magic regeneration
  6540 | D:7      | Something stole 315 gold
  6542 | D:7      | Something stole 2 throwing nets
  6547 | D:7      | Something stole a +0 buckler
  6548 | D:7      | Something stole a +0 flail
  6550 | D:7      | Killed Maurice
  6551 | D:7      | Reached XP level 9. HP: 34/78 MP: 0/8
  7084 | D:7      | Found a sacrificial altar of Ru.
  7454 | D:7      | Found a staircase to the Ecumenical Temple.
  7762 | D:7      | Donated 189 gold pieces to Zin
  8466 | Temple   | Entered the Ecumenical Temple
  8477 | Temple   | Fell from the grace of Zin
  8477 | Temple   | Became a worshipper of the Shining One
  8477 | Temple   | Reached * piety under the Shining One
  8554 | D:8      | Found Onatutt's Weapon Shoppe.
  8612 | D:8      | Found Ikhump's Assorted Antiques.
  8769 | D:8      | Found Senaot's Weapon Shoppe.
  8850 | D:8      | Found a flagged portal.
  8862 | Bailey   | Entered a bailey
  8929 | Bailey   | Noticed an orc knight
  8944 | Bailey   | HP: 3/78 [orc warrior/+0 battleaxe (32)]
  8944 | Bailey   | The Shining One protects you from harm!
  8945 | Bailey   | Killed an orc knight
  8946 | Bailey   | Reached skill level 5 in Dodging
  8946 | Bailey   | Slain by an orc warrior

Illustrated notes

Levels and vault maps discovered:
D:1:      grunt_arrival_lava_bath, layout_basic
D:2:      layout_basic, ebering_ecumenical_altar_mist,
          chequers_serial_rivers_micro_a, kennysheep_generic_room_16
D:3:      layout_loops_corners, minmay_unequal
D:4:      layout_basic, mainiacjoe_overflow_alcove_4,
          chequers_temple_overflow_statue_of_worship,
          mainiacjoe_overflow_tiny_flanked
D:5:      layout_cave_pods, uniq_menkaure
D:6:      layout_basic, mainiacjoe_overflow_paths, mainiacjoe_overflow_catwalk,
          nicolae_yredelemnul_corpse_copse, uniq_crazy_yiuf_cottage,
          uniq_blork_the_orc
D:7:      layout_basic, lemuel_crystal_altar, lemuel_temple_firewalk_b,
          serial_corexii_hall, corexii_hall_statues_s, corexii_hall_statues_x,
          chequers_hall_statues_y, chequers_hall_statues_y, uniq_maurice
D:8:      layout_basic, mainiacjoe_overflow_small_starburst, serial_shops,
          nicolae_shop_tiny_waterfront, nicolae_shop_bloodbath_and_beyond, shop,
          shop, nicolae_shop_temple_entry_statues_fountains, enter_bailey_4,
          billiards_dpeg
Temple:   hellmonk_temple_flake
Bailey:   bailey_axe_4, bailey

Skill      XL: |  1  2  3  4  5  6  7  8  9 |
---------------+----------------------------+-----
Armour         | 4 5 6 7 8 9 |  9.7
Fighting       | 4 5 6 7 |  7.0
Maces & Flails | 3 4 5 6 8 9 |  9.2
Dodging        | 1 2 3 5 |  5.1
Shields        | 4 5 6 8 |  8.2
Stealth        | 1 |  1.5
Invocations    | |  0.6

Action                     |  1- 3 |  4- 6 |  7- 9 || total
---------------------------+-------+-------+-------++-------
  Melee: Mace              |    61 |    92 |   286 ||   439
         Headbutt          |     5 |    17 |    73 ||    95
         Flail             |     2 |       |       ||     2
 Invoke: Recite            |       |     1 |       ||     1
         Donate Gold       |       |       |     1 ||     1
    Use: Scroll            |     3 |     3 |     5 ||    11
         Potion            |       |     1 |     6 ||     7
 Armour: Scale mail        |    55 |    67 |   289 ||   411
  Dodge: Dodged            |    31 |    52 |   150 ||   233
  Block: Buckler           |    12 |    27 |       ||    39
         Kite shield       |       |       |   197 ||   197
